 Dungeon Crawl Stone Soup version 0.20.1-1-g8b1a95d (webtiles) character file.

285931 Jazqa the Warrior (level 19, -14/274 HPs)
             Began as a Minotaur Fighter on Oct 27, 2017.
             Was a High Priest of Cheibriados.
             Demolished by a vault warden
             ... wielding a +2 glaive
              (31 damage)
             ... on level 3 of the Vaults.
             The game lasted 01:29:50 (36712 turns).

Jazqa the Warrior (Minotaur Fighter)               Turns: 36712, Time: 01:29:51

Health: -14/274    AC: 29    Str: 34    XL:     19   Next: 82%
Magic:  27/31      EV:  2    Int: 16    God:    Cheibriados [*****.]
Gold:   2556       SH: 22    Dex: 35    Spells: 18/18 levels left

rFire    + . .     SeeInvis +   M - +7 scimitar (flame)
rCold    . . .     Gourm    +   d - +3 shield "Sycan" {rN+ SInv}
rNeg     + + +     Faith    .   (armour currently unavailable)
rPois    +         Spirit   .   (helmet unavailable)
rElec    .         Reflect  .   (cloak currently unavailable)
rCorr    .         Harm     .   (gloves currently unavailable)
MR       +....     NoTele   +   (boots currently unavailable)
Stlth    +++.......             l - amulet of the gourmand
Regen    0.6/turn               X - +6 ring of dexterity
MPRegen  0.3/turn               f - ring of protection from fire

@: tree-form, marked, very slow
A: (retaliatory headbutt), agile 1, deterioration 1, high mp 1
}: 2/15 runes: decaying, gossamer
a: Bend Time, Temporal Distortion, Slouch, Step From Time, Renounce Religion


You were on level 3 of the Vaults.
You worshipped Cheibriados.
Cheibriados was extremely pleased with you.
You were very full.
You were a tree.
You visited 7 branches of the dungeon, and saw 35 of its levels.
You also visited: Bailey.

You collected 3776 gold pieces.
You spent 1220 gold pieces at shops.


Innate Abilities, Weirdness & Mutations

((You reflexively headbutt those who attack you in melee.))
((You have a pair of large horns on your head.))
You are agile. (Dex +2)
Your body sometimes deteriorates upon taking damage.
You have an increased reservoir of magic. (+10% MP)


   Skills:
 + Level 19.5 Fighting
 - Level 14.3 Long Blades
 + Level 18.0 Armour
 + Level 16.3 Dodging
 + Level 18.1 Shields
 + Level 14.1 Invocations


You had 18 spell levels left.
You didn't know any spells.

Inventory:

Hand Weapons
 M - a +7 scimitar of flaming (weapon)
Armour
 d - the +3 shield "Sycan" (worn) {rN+ SInv}
   (You took it off Asterion on level 1 of the Spider Nest)

   It protects you from negative energy.
   It lets you see invisible.
 p - a +1 hat of see invisible
 w - a scarf of repulsion (melded)
 A - a +2 plate armour of fire resistance (melded)
 U - a +0 pair of gloves (melded)
Jewellery
 f - a ring of protection from fire (right branch)
 l - an amulet of the gourmand (around neck)
 C - an uncursed ring of ice
 F - an uncursed ring of protection from fire
 L - an uncursed ring of flight
 N - an uncursed ring of positive energy
 O - a +1 ring of protection
 X - a +6 ring of dexterity (left branch)
Wands
 c - a wand of digging (15/24)
 t - a wand of acid (13/15)
 D - a wand of digging (7/24)
 K - a wand of flame (26/48)
Scrolls
 a - a scroll of fog
 g - a scroll of acquirement
 i - 6 scrolls of remove curse {@r2}
 q - 7 scrolls of magic mapping
 r - 11 scrolls of teleportation {@r4}
 s - 2 scrolls of brand weapon
 v - 4 scrolls of identify {@r1}
 y - 7 scrolls of fear
 z - a scroll of enchant weapon
 B - 3 scrolls of blinking
 G - 2 scrolls of summoning
 H - 4 scrolls of recharging
 J - 7 scrolls of enchant armour
 Y - 5 scrolls of immolation {!r}
Potions
 e - 8 potions of curing {@q1}
 h - a potion of cancellation
 j - 3 potions of agility
 k - 2 potions of lignification {!q}
 n - a potion of resistance
 u - 4 potions of might
 x - 2 potions of invisibility
 E - 4 potions of ambrosia
 Q - 3 potions of flight
 R - 5 potions of magic
Miscellaneous
 P - a box of beasts
 W - a sack of spiders
 Z - a fan of gales
Comestibles
 b - 7 fruits {@e2}
 m - 19 meat rations {@e1}
 o - 8 royal jellies {@e3}
 S - 12 chunks of flesh
 T - 22 bread rations {@e1}

Dungeon Overview and Level Annotations

Branches:
Dungeon (15/15)            Temple (1/1) D:6            Lair (6/6) D:9
  Swamp (4/4) Lair:2       Spider (4/4) Lair:4        Slime (0/5) Lair:5
    Orc (2/2) D:11            Elf (0/3) Orc:2        Vaults (3/5) D:13
 Depths (0/5) D:15
  Crypt: Vaults:2-3

Altars:
Cheibriados
Dithmenos
Fedhas
Gozag
Kikubaaqudgha
Makhleb
Nemelex Xobeh
Okawaru
Qazlal
Ru
Sif Muna
Trog
Uskayaw
Vehumet
Xom
Yredelemnul
Zin
The Shining One
Beogh

Shops:
D:4 }   D:8 *   D:9 *   Orc:2 %?!([   Vaults:1 %

Annotations:
Lair:6 exclusion: 4 oklob plants
Swamp:4 Lernaean hydra

▓).)..▓ ▓▓▓▓▓▓▓▓ ▓p()..▓
▓....... ▓▓▓▓▓▓▓▓
▓W)o..▓ ▓.......
▓......▓▓ ▓)....▓
▓....... ▓▓......▓▓
▓c....▓ ▓.......
▓▓......▓▓ ▓.....▓
▓.......
▓▓......▓▓▓.p...▓
▓.......
▓▓.....R▓▓pO...▓
▓)))....
▓▓.....♣OOoo..▓▓▓▓'▓▓▓▓▓
▓▓▓▓▓▓▓▓cc.............
▓...............
▓...............
▓...............
▓...............
▓▓▓▓''▓▓▓▓▓▓▓▓▓▓ ..▓


You could see a vault warden, a yaktaur captain, 2 orc knights, a rakshasa, 3
two-headed ogres, an ironbrand convoker and a yaktaur.


Message History

You feel better.
The rakshasa weaves an illusion.
The two-headed ogre shimmers and seems to become two!
You block the vault warden's attack.
Use which ability? (? or * to list)
You can feel time thicken for a moment.
You kill the ironbrand convoker!
Cheibriados appreciates the change of pace.
You kill the wizard!
Cheibriados thoroughly appreciates the change of pace.
You feel somewhat less full.
Cheibriados lowers the support of your attributes as your movement quickens.
The two-headed ogre hits you but does no damage.
The two-headed ogre hits you with a giant club!
* * * LOW HITPOINT WARNING * * *
You block the rakshasa's attack.
The vault warden hits you from afar with an enchanted glaive!!
* * * LOW HITPOINT WARNING * * *
You feel better.
The ironbrand convoker casts a spell at something.
The rakshasa hits you with a whip.
* * * LOW HITPOINT WARNING * * *
The two-headed ogre hits you but does no damage.
You block the two-headed ogre's attack.
Unknown command.
Use which ability? (? or * to list)
You don't have enough magic at the moment.
Magic courses through your body.
The vault warden hits you from afar with an enchanted glaive!!
You die...

Skill      XL: |  1  2  3  4  5  6  7  8  9 10 11 12 13 14 15 16 17 18 19 |
---------------+----------------------------------------------------------+-----
Long Blades    | 3 5 7 8 9 10 11 12 13 14 | 14.3
Fighting       | 5 7 8 9 10 11 12 13 14 15 16 17 18 19 | 19.5
Dodging        | 2 5 6 8 9 10 11 12 13 14 15 16 | 16.3
Armour         | 4 6 8 9 10 11 13 14 15 16 17 18 | 18.0
Shields        | 4 6 8 9 10 11 12 14 15 16 17 18 | 18.1
Invocations    | 1 3 5 7 8 10 11 12 13 14 | 14.1

Action                   |  1- 3 |  4- 6 |  7- 9 | 10-12 | 13-15 | 16-18 | 19-21 || total
-------------------------+-------+-------+-------+-------+-------+-------+-------++-------
Melee: Long sword        |    47 |   157 |   292 |    12 |       |       |       ||   508
       Headbutt          |     1 |    23 |    87 |   191 |   450 |   452 |   109 ||  1313
       Scimitar          |       |       |       |   447 |  1091 |  1151 |   236 ||  2925
       Rapier            |       |       |       |    16 |    51 |    28 |       ||    95
       Kick              |       |       |       |       |   526 |   705 |    10 ||  1241
Invok: Slouch            |       |       |       |     2 |     5 |    19 |     9 ||    35
       Bend Time         |       |       |       |       |     3 |     3 |     1 ||     7
       Step From Time    |       |       |       |       |       |       |     1 ||     1
Evoke: Wand              |       |       |       |     6 |     1 |     5 |       ||    12
  Use: Potion            |     1 |     5 |     2 |       |     5 |    15 |    10 ||    38
       Scroll            |       |     7 |     2 |    16 |    12 |    22 |       ||    59
 Stab: Distracted        |       |       |       |     1 |     1 |       |       ||     2
       Sleeping          |       |       |       |       |     2 |       |       ||     2
  Eat: Chunk             |       |     5 |    13 |    12 |    24 |    36 |     4 ||    94
       Royal jelly       |       |       |     1 |       |       |       |       ||     1
       Fruit             |       |       |       |       |     5 |     1 |       ||     6
       Meat ration       |       |       |       |       |       |     1 |       ||     1
Armor: Scale mail        |    18 |    44 |   100 |     6 |    22 |       |       ||   190
       Plate armour      |       |       |       |   135 |   171 |   345 |    32 ||   683
       Skin              |       |       |       |       |       |       |     2 ||     2
Dodge: Dodged            |    19 |    34 |    89 |   165 |   451 |   993 |   185 ||  1936
       Deflected         |       |       |       |       |       |    24 |     4 ||    28
Block: Shield            |    30 |    70 |   168 |   147 |       |  1126 |   287 ||  1828
       Large shield      |       |       |       |   260 |  1370 |   436 |       ||  2066
       Rpst.: Long sword |     4 |    11 |    26 |     1 |       |       |       ||    42
       Scimitar          |       |       |       |    38 |    72 |   132 |    28 ||   270

Vault maps used:
D:1:      mainiacjoe_arrival_reflecting_pool
D:2:      nicolae_overflow_hidden_temple, columned_hall_lemuel,
          nrook_mini_vaults, uniq_sigmund, uniq_crazy_yiuf_cottage
D:3:      kiku_gazebo_garden_becter, chequers_ecumenical_altar_simple
D:4:      serial_shops, shop, minmay_misc_feat_columns,
          kennysheep_generic_room_12, uniq_edmund, uniq_grinder
D:5:      first_bread, led_xom_imps, uniq_prince_ribbit1, uniq_blork_the_orc
D:6:      minmay_temple_entry_junction, lightli_ossuary_entry_decrepit_ruins,
          grunt_dithmenos_smoke, uniq_pikel, uniq_menkaure
D:7:      nicolae_ru_sacrificial_ziggurat
D:8:      serial_shops, kennysheep_mini, the_bakery
D:9:      minmay_lair_entry_lava, serial_shops, nicolae_shop_trees,
          uniq_gastronok, uniq_joseph
D:11:     hiddenorc1_lemuel, grunt_ministairs_4, minmay_misc_feat_enclosed
D:13:     erik_vaults_2, uniq_rupert
D:14:     serial_bayou_pond_e, enter_bailey_2, nrook_loot_triangle
D:15:     grunt_enter_depths_hoard, minmay_crystal_water, minmay_crystal_box
Temple:   eino_temple_rhombus
Lair:1:   lemuel_fruit_fields, grunt_megastairs_4
Lair:2:   swamp_mist_pool, cheibrodos_lair_reptile_den, grunt_megastairs_5
Lair:4:   dpeg_oklob_shooting_range, spider_nest_entry_web_field,
          infiniplex_staircase_pool
Lair:5:   nicolae_slime_entry_slimehenge, gammafunk_lair_bear_cave,
          grunt_megastairs_3
Lair:6:   minmay_lair_end_enchanted_forest, minmay_lair_oklob_chamber
Swamp:1:  evilmike_swamp_ruin_house_4
Swamp:2:  evilmike_swamp_ruin_rubble_1
Swamp:3:  evilmike_swamp_ruin_house_2, swamp_pool1
Swamp:4:  swamp_alternative, swamp_pool4, uniq_kirke
Spider:1: nicolae_spider_webs_and_nodes, uniq_asterion
Spider:3: spiders_nest_scorpion_pit, spider_trap, nicolae_spider_cling_ruins,
          uniq_louise
Spider:4: guppyfry_spider_rune, hangedman_stitches_earthworm, uniq_aizul
Orc:1:    basic_altar, portal_ice_cave_rime
Orc:2:    grunt_orc_community_town_hall, grunt_orc_community_big_house_1,
          grunt_orc_community_big_house_1, grunt_orc_community_house_2,
          grunt_orc_community_house_1, grunt_orc_community_house_3,
          grunt_orc_community_house_2, basic_altar, serial_shops,
          nicolae_shop_competitors_out_of_business
Vaults:1: v_misc_29, hangedman_vaults_hard_town_square, v_misc_12,
          vaults_dpeg_ring, ontoclasm_vaults_ring_small,
          nicolae_vaults_little_squares_1, hangedman_vaults_snaps, serial_shops,
          shop
Vaults:2: grunt_vaults_trifunnel, vaults_room_door_ring, st_cross, v_misc_19,
          nicolae_vaults_little_squares_1, hangedman_vaults_capsules,
          hangedman_vaults_stretched_pinwheel, hangedman_vaults_corner_blocks,
          ontoclasm_vaults_spin, ontoclasm_vaults_twist,
          dpeg_vaults_monster_box, ontoclasm_vaults_tryst, vaults_dpeg_cross,
          hangedman_vaults_impose, vaults_room_semicircle,
          grunt_vaults_hallway_short
Vaults:3: minmay_crypt_entry_nasty_monster, nicolae_vaults_display_case,
          v_alt_pattern_2, v_misc_17, grunt_vaults_twisty, v_alt_pattern_5,
          v_misc_18, nicolae_vaults_network_periphery, vaults_standard_mumra_x,
          nicolae_vaults_rhombus_6, vaults_room_semicircle,
          nicolae_vaults_little_squares_3, vaults_room_stairs_pillars
Bailey:   bailey_axe_2, bailey

Notes
Turn   | Place    | Note
-------+----------+-------------------------------------------
     0 | D:1      | Jazqa the Minotaur Fighter began the quest for the Orb.
     0 | D:1      | Reached XP level 1. HP: 19/19 MP: 0/0
   138 | D:1      | Reached skill level 3 in Long Blades
   147 | D:1      | Reached XP level 2. HP: 26/27 MP: 1/1
   638 | D:2      | Noticed Sigmund
   645 | D:2      | Killed Sigmund
   645 | D:2      | Reached skill level 5 in Fighting
   645 | D:2      | Reached skill level 5 in Long Blades
   645 | D:2      | Reached XP level 3. HP: 32/36 MP: 2/2
   645 | D:2      | Reached XP level 4. HP: 38/42 MP: 3/3
   645 | D:2      | Reached XP level 5. HP: 44/49 MP: 4/4
   672 | D:2      | Found a shadowy altar of Dithmenos.
   764 | D:2      | Found a runed door.
  1267 | D:2      | Found a basalt altar of Yredelemnul.
  1421 | D:2      | Noticed Crazy Yiuf
  1426 | D:2      | Killed Crazy Yiuf
  1426 | D:2      | Reached XP level 6. HP: 52/57 MP: 3/5
  1523 | D:3      | Found a faded altar of an unknown god.
  1529 | D:3      | Reached skill level 6 in Long Blades
  1671 | D:3      | Reached skill level 6 in Fighting
  2079 | D:3      | Found an ancient bone altar of Kikubaaqudgha.
  2345 | D:4      | Found Paamacota's Gadget Shoppe.
  2368 | D:4      | Noticed Edmund
  2387 | D:4      | Killed Edmund
  2664 | D:4      | Reached skill level 7 in Fighting
  2664 | D:4      | Reached skill level 7 in Long Blades
  2664 | D:4      | Reached XP level 7. HP: 55/66 MP: 6/6
  2816 | D:4      | Noticed Grinder
  3106 | D:4      | Paralysed by Grinder for 6 turns
  3125 | D:4      | Killed Grinder
  3125 | D:4      | Reached skill level 8 in Fighting
  3125 | D:4      | Reached skill level 8 in Long Blades
  3351 | D:3      | Reached XP level 8. HP: 62/75 MP: 7/7
  3682 | D:5      | Entered Level 5 of the Dungeon
  3728 | D:5      | Noticed Blork the orc
  3741 | D:5      | Killed Blork the orc
  3889 | D:5      | Noticed Prince Ribbit
  3910 | D:5      | Killed Prince Ribbit
  3910 | D:5      | Reached skill level 9 in Fighting
  3910 | D:5      | Reached skill level 9 in Long Blades
  4115 | D:5      | Found a shimmering altar of Xom.
  4419 | D:6      | Reached skill level 1 in Dodging
  4422 | D:6      | Noticed Pikel
  4424 | D:6      | Reached skill level 4 in Armour
  4424 | D:6      | Reached skill level 4 in Shields
  4546 | D:5      | Killed Pikel
  4546 | D:5      | Reached skill level 2 in Dodging
  4546 | D:5      | Reached XP level 9. HP: 81/85 MP: 8/8
  4587 | D:6      | Noticed Menkaure
  4590 | D:6      | Killed Menkaure
  4590 | D:6      | Reached skill level 10 in Fighting
  4590 | D:6      | Reached skill level 5 in Armour
  4590 | D:6      | Found a shadowy altar of Dithmenos.
  4625 | D:5      | Reached skill level 3 in Dodging
  4625 | D:5      | Reached skill level 5 in Shields
  4978 | D:6      | Reached skill level 10 in Long Blades
  4990 | D:6      | Found a sand-covered staircase.
  5191 | D:6      | Found a staircase to the Ecumenical Temple.
  5219 | Temple   | Entered the Ecumenical Temple
  5284 | Temple   | Became a worshipper of Cheibriados the Contemplative
  5547 | D:7      | Reached skill level 4 in Dodging
  6034 | D:7      | Reached * piety under Cheibriados
  6045 | D:7      | Reached skill level 6 in Armour
  6134 | D:7      | Reached skill level 6 in Shields
  6139 | D:7      | Found a sacrificial altar of Ru.
  6246 | D:7      | Got a pair of fine boots
  6332 | D:7      | Identified the +0 pair of boots "Xocsofru" {MR- Regen+ Int+4 Stlth+} (You found it on level 7 of the Dungeon)
  6489 | D:8      | Noticed a two-headed ogre
  6516 | D:8      | Killed a two-headed ogre
  6516 | D:8      | Reached skill level 5 in Dodging
  6516 | D:8      | Reached XP level 10. HP: 80/94 MP: 9/9
  6750 | D:8      | Reached ** piety under Cheibriados
  6826 | D:8      | Reached skill level 11 in Fighting
  6859 | D:8      | Reached skill level 7 in Armour
  6898 | D:8      | Reached skill level 7 in Shields
  7133 | D:8      | Reached skill level 11 in Long Blades
  7266 | D:8      | Found Cezicwoi's General Store.
  7377 | D:8      | Reached *** piety under Cheibriados
  7577 | D:9      | Found Zexaug's General Store.
  7577 | D:9      | Noticed Thaneod's ghost (novice MiFi)
  7592 | D:9      | Killed Thaneod's ghost
  7592 | D:9      | Reached skill level 6 in Dodging
  7648 | D:9      | Found a staircase to the Lair.
  7685 | D:9      | Reached skill level 8 in Shields
  7691 | D:9      | Reached skill level 8 in Armour
  7804 | D:9      | Noticed Gastronok
  7820 | D:9      | Killed Gastronok
  7820 | D:9      | Reached skill level 1 in Invocations
  7820 | D:9      | Reached XP level 11. HP: 77/104 MP: 9/11
  7966 | D:9      | Reached skill level 7 in Dodging
  8033 | D:9      | Noticed Joseph
  8045 | D:9      | Killed Joseph
  8045 | D:9      | Reached **** piety under Cheibriados
  8157 | D:9      | Reached skill level 2 in Invocations
  8198 | D:9      | Reached skill level 12 in Fighting
  8332 | Lair:1   | Entered Level 1 of the Lair of Beasts
  8647 | Lair:1   | Noticed an eight-headed hydra
  8654 | Lair:1   | Killed a nine-headed hydra
  8654 | Lair:1   | Reached skill level 12 in Long Blades
  8654 | Lair:1   | Reached skill level 9 in Shields
  8654 | Lair:1   | Reached skill level 3 in Invocations
  8658 | Lair:1   | Reached skill level 9 in Armour
  9438 | Lair:2   | Reached skill level 8 in Dodging
  9455 | Lair:2   | Reached XP level 12. HP: 101/113 MP: 13/13
  9672 | Lair:2   | Found a staircase to the Swamp.
  9991 | Lair:3   | Got a twisted rapier
  9999 | Lair:3   | Identified the cursed +0 rapier of the Moth {pierce, rC+ Str+4} (You found it on level 3 of the Lair of Beasts)
 10136 | Lair:3   | Reached skill level 4 in Invocations
 10241 | Lair:3   | Noticed a seven-headed hydra
 10249 | Lair:3   | Killed a seven-headed hydra
 10776 | Lair:4   | Reached skill level 10 in Shields
 10815 | Lair:4   | Reached ***** piety under Cheibriados
 10827 | Lair:4   | Reached skill level 13 in Fighting
 10835 | Lair:4   | Reached skill level 10 in Armour
 10957 | Lair:4   | Reached skill level 13 in Long Blades
 10983 | Lair:4   | Reached skill level 5 in Invocations
 10996 | Lair:4   | Identified Elidyph's Incunabulum of Dusty Boosts
 11098 | Lair:4   | Found a hole to the Spider Nest.
 11301 | Lair:4   | Reached skill level 9 in Dodging
 11807 | Lair:5   | Noticed a five-headed hydra
 11823 | Lair:5   | Killed a five-headed hydra
 12222 | Lair:5   | Got a slimy leather armour
 12271 | Lair:5   | Identified the cursed +1 leather armour of the Morning Star {rF++ rC- MR++} (You found it on level 5 of the Lair of Beasts)
 12349 | Lair:5   | Reached XP level 13. HP: 115/122 MP: 16/16
 12356 | Lair:5   | Found a staircase to the Slime Pits.
 12783 | Lair:6   | Entered Level 6 of the Lair of Beasts
 12849 | Lair:6   | Reached skill level 6 in Invocations
 12864 | Lair:6   | Reached skill level 11 in Armour
 12864 | Lair:6   | Reached skill level 11 in Shields
 12886 | Lair:6   | Reached skill level 10 in Dodging
 12897 | Lair:6   | Reached ****** piety under Cheibriados
 13235 | Lair:6   | Reached skill level 14 in Fighting
 13255 | Lair:6   | Reached skill level 7 in Invocations
 13375 | Lair:6   | Reached skill level 14 in Long Blades
 13482 | Lair:6   | Gained mutation: You are occasionally teleported next to monsters. [potion of mutation]
 13482 | Lair:6   | Gained mutation: Your mind is acute. (Int +2) [potion of mutation]
 13482 | Lair:6   | Gained mutation: You are covered in fur. (AC +1) [potion of mutation]
 13484 | Lair:6   | Lost mutation: Your mind is acute. (Int +2) [potion of mutation]
 13484 | Lair:6   | Lost mutation: You are covered in fur. (AC +1) [potion of mutation]
 13484 | Lair:6   | Lost mutation: You are occasionally teleported next to monsters. [potion of mutation]
 13484 | Lair:6   | Gained mutation: You are surrounded by a mild repulsion field. (EV +2) [potion of mutation]
 13484 | Lair:6   | Gained mutation: You have sharp toenails. [potion of mutation]
 13484 | Lair:6   | Gained mutation: You have razor-sharp toenails. [potion of mutation]
 13484 | Lair:6   | Gained mutation: You are robust. (+10% HP) [potion of mutation]
 13522 | Lair:6   | Reached XP level 14. HP: 141/145 MP: 18/18
 13630 | Lair:6   | Reached skill level 12 in Armour
 14291 | D:10     | Entered Level 10 of the Dungeon
 14516 | D:10     | Got a twisted scale mail
 14528 | D:10     | Identified the +2 scale mail of Untold Secrets {rF+} (You found it on level 10 of the Dungeon)
 15456 | D:11     | Found a staircase to the Orcish Mines.
 15632 | D:11     | Reached skill level 12 in Shields
 15812 | D:11     | Identified a potion of resistance
 16122 | D:12     | Reached skill level 11 in Dodging
 16729 | D:12     | Reached skill level 8 in Invocations
 16873 | Orc:1    | Entered Level 1 of the Orcish Mines
 16873 | Orc:1    | Found a radiant altar of Vehumet.
 17202 | Orc:2    | Entered Level 2 of the Orcish Mines
 17202 | Orc:2    | Found a shimmering altar of Xom.
 17234 | Orc:2    | Found a roughly hewn altar of Beogh.
 17322 | Orc:2    | Found a roughly hewn altar of Beogh.
 17511 | Orc:2    | Found Luhud's Magic Scroll Emporium.
 17519 | Orc:2    | Bought a scroll of identify for 30 gold pieces
 17519 | Orc:2    | Bought a scroll of identify for 30 gold pieces
 17737 | Orc:2    | Noticed an orc warlord
 17747 | Orc:2    | Killed an orc warlord
 17765 | Orc:2    | Found Amudobem's Antique Weapon Boutique.
 17767 | Orc:2    | Found a roughly hewn altar of Beogh.
 17774 | Orc:2    | Found Utzoz's Antique Armour Shop.
 17878 | Orc:2    | Found a roughly hewn altar of Beogh.
 17878 | Orc:2    | Found Riaq's Distillery.
 18008 | Orc:2    | Reached skill level 13 in Armour
 18062 | Orc:2    | Found a staircase to the Elven Halls.
 18158 | Orc:2    | Found a roughly hewn altar of Beogh.
 18158 | Orc:2    | Found Wuj Ela's Food Emporium.
 18545 | Orc:2    | Bought a scroll of blinking for 112 gold pieces
 18545 | Orc:2    | Bought a scroll of identify for 30 gold pieces
 18545 | Orc:2    | Bought a scroll of enchant weapon for 112 gold pieces
 18545 | Orc:2    | Bought a scroll of identify for 30 gold pieces
 18545 | Orc:2    | Bought a scroll of identify for 30 gold pieces
 18545 | Orc:2    | Bought a scroll of enchant armour for 112 gold pieces
 18545 | Orc:2    | Bought a scroll of identify for 30 gold pieces
 18545 | Orc:2    | Bought a scroll of blinking for 112 gold pieces
 18617 | Orc:2    | Bought a transparent chain mail for 304 gold pieces
 18617 | Orc:2    | Identified the +3 chain mail of Too Many Cooks {*Corrode rElec Dex+8 Slay+3} (You bought it in a shop on level 2 of the Orcish Mines)
 18731 | Orc:2    | Bought a brightly glowing scale mail for 288 gold pieces
 18732 | Orc:2    | Identified the cursed +0 scale mail "Xuvopn" {rC+ Str+3} (You bought it in a shop on level 2 of the Orcish Mines)
 18865 | D:12     | Reached skill level 15 in Fighting
 19066 | D:13     | Noticed Rupert
 19085 | D:13     | Killed Rupert
 19085 | D:13     | Reached XP level 15. HP: 116/155 MP: 18/20
 19396 | D:13     | Reached skill level 9 in Invocations
 19428 | D:13     | Found a gate to the Vaults.
 19443 | D:13     | Reached skill level 13 in Shields
 19459 | D:13     | Reached skill level 12 in Dodging
 20145 | Swamp:1  | Entered Level 1 of the Swamp
 21016 | Swamp:2  | Noticed a thorn hunter
 21029 | Swamp:2  | Killed a thorn hunter
 21283 | Swamp:2  | Noticed Monsterracer's ghost (adept OgIE)
 21402 | Swamp:1  | Reached skill level 14 in Armour
 22419 | Swamp:1  | Reached skill level 10 in Invocations
 22533 | Swamp:2  | Killed Monsterracer's ghost
 22958 | Swamp:2  | Reached skill level 16 in Fighting
 23230 | Swamp:3  | Noticed a thorn hunter
 23247 | Swamp:2  | Reached skill level 14 in Shields
 23270 | Swamp:2  | Killed a thorn hunter
 23270 | Swamp:2  | Reached XP level 16. HP: 116/166 MP: 22/22
 23929 | Swamp:3  | Reached skill level 13 in Dodging
 24132 | Swamp:4  | Entered Level 4 of the Swamp
 24156 | Swamp:4  | Noticed a thorn hunter
 24169 | Swamp:4  | Killed a thorn hunter
 24188 | Swamp:4  | Noticed Kirke
 24195 | Swamp:4  | Killed Kirke
 24581 | Swamp:4  | Noticed the 27-headed Lernaean hydra
 24600 | Swamp:4  | Got a decaying rune of Zot
 25341 | Swamp:4  | Reached skill level 15 in Armour
 25569 | Spider:1 | Entered Level 1 of the Spider Nest
 25595 | Spider:1 | Noticed Asterion
 25597 | Spider:1 | Noticed an Executioner
 25999 | Spider:1 | Reached skill level 11 in Invocations
 26122 | Spider:1 | Killed Asterion
 26122 | Spider:1 | Reached skill level 15 in Shields
 26124 | Spider:1 | Got a twisted shield
 26128 | Spider:1 | Identified the +3 shield "Sycan" {rN+ SInv} (You took it off Asterion on level 1 of the Spider Nest)
 27326 | Spider:2 | Reached skill level 17 in Fighting
 27629 | Spider:2 | Reached XP level 17. HP: 166/177 MP: 24/24
 27876 | Spider:3 | Noticed Louise
 27902 | Spider:3 | Noticed profreshinal's ghost (journeyman DgSu)
 27907 | Spider:3 | Killed Louise
 27909 | Spider:3 | Killed profreshinal's ghost
 28126 | Spider:3 | Reached skill level 14 in Dodging
 28993 | Spider:4 | Entered Level 4 of the Spider Nest
 29475 | Spider:4 | Reached skill level 12 in Invocations
 29495 | Spider:4 | Noticed Aizul
 29506 | Spider:4 | Killed Aizul
 29506 | Spider:4 | Reached skill level 16 in Armour
 29677 | Spider:4 | Reached skill level 16 in Shields
 29898 | Spider:4 | Reached skill level 18 in Fighting
 29946 | Spider:4 | Got a gossamer rune of Zot
 30435 | D:14     | Reached XP level 18. HP: 178/189 MP: 26/26
 30640 | D:14     | Found a flagged portal.
 30664 | Bailey   | Entered a bailey
 30733 | Bailey   | Noticed lorenzova's ghost (novice DECj)
 30775 | Bailey   | Identified a scroll of acquirement
 30777 | Bailey   | Killed lorenzova's ghost
 31408 | D:15     | Entered Level 15 of the Dungeon
 31774 | D:15     | Found a runed door.
 31945 | D:15     | Found a staircase to the Depths.
 32639 | D:14     | Reached skill level 15 in Dodging
 32913 | Vaults:1 | Entered Level 1 of the Vaults
 33299 | Vaults:1 | Found Gaunleys's Food Shop.
 33553 | Vaults:1 | Reached skill level 13 in Invocations
 33708 | Vaults:1 | Lost mutation: You are surrounded by a mild repulsion field. (EV +2) [potion of mutation]
 33708 | Vaults:1 | Lost mutation: You have razor-sharp toenails. [potion of mutation]
 33708 | Vaults:1 | Gained mutation: You are partially covered in slimy green scales. (AC +2) [potion of mutation]
 33708 | Vaults:1 | Gained mutation: You are agile. (Dex +2) [potion of mutation]
 33709 | Vaults:1 | Lost mutation: You are partially covered in slimy green scales. (AC +2) [potion of mutation]
 33709 | Vaults:1 | Lost mutation: You have sharp toenails. [potion of mutation]
 33709 | Vaults:1 | Gained mutation: Your spells are a little harder to cast, but a little more powerful. [potion of mutation]
 33709 | Vaults:1 | Gained mutation: Your muscles are strong. (Str +2) [potion of mutation]
 33710 | Vaults:1 | Lost mutation: You are agile. (Dex +2) [potion of mutation]
 33710 | Vaults:1 | Lost mutation: Your spells are a little harder to cast, but a little more powerful. [potion of mutation]
 33710 | Vaults:1 | Lost mutation: You are robust. (+10% HP) [potion of mutation]
 33710 | Vaults:1 | Lost mutation: Your muscles are strong. (Str +2) [potion of mutation]
 33710 | Vaults:1 | Gained mutation: You are partially covered in rugged brown scales. (AC +1, +3% HP) [potion of mutation]
 33710 | Vaults:1 | Gained mutation: You have sharp toenails. [potion of mutation]
 33710 | Vaults:1 | Gained mutation: Your muscles are strong. (Str +2) [potion of mutation]
 33710 | Vaults:1 | Gained mutation: Your movements are slightly less encumbered by armour. (ER -2) [potion of mutation]
 33839 | Vaults:1 | Lost mutation: Your muscles are strong. (Str +2) [potion of mutation]
 33839 | Vaults:1 | Lost mutation: You have sharp toenails. [potion of mutation]
 33839 | Vaults:1 | Gained mutation: Your magical capacity is low. (-10% MP) [potion of mutation]
 33839 | Vaults:1 | Lost mutation: Your magical capacity is low. (-10% MP) [potion of mutation]
 33839 | Vaults:1 | Gained mutation: You are resistant to electric shocks. (rElec) [potion of mutation]
 33839 | Vaults:1 | Gained mutation: You evolve. [potion of mutation]
 34295 | Orc:2    | Gained mutation: You have sharp fingernails. [evolution]
 34295 | Orc:2    | Lost mutation: You evolve. [end of evolution]
 34519 | Vaults:2 | Reached skill level 17 in Armour
 34661 | Vaults:2 | Lost mutation: You are partially covered in rugged brown scales. (AC +1, +3% HP) [potion of mutation]
 34661 | Vaults:2 | Lost mutation: You have sharp fingernails. [potion of mutation]
 34661 | Vaults:2 | Lost mutation: Your movements are slightly less encumbered by armour. (ER -2) [potion of mutation]
 34661 | Vaults:2 | Lost mutation: You are resistant to electric shocks. (rElec) [potion of mutation]
 34661 | Vaults:2 | Gained mutation: You are surrounded by a mild repulsion field. (EV +2) [potion of mutation]
 34661 | Vaults:2 | Gained mutation: You are agile. (Dex +2) [potion of mutation]
 34662 | Vaults:2 | Lost mutation: You are surrounded by a mild repulsion field. (EV +2) [potion of mutation]
 34662 | Vaults:2 | Lost mutation: You are agile. (Dex +2) [potion of mutation]
 34662 | Vaults:2 | Gained mutation: You are clumsy. (Dex -2) [potion of mutation]
 34662 | Vaults:2 | Gained mutation: You can translocate small distances at will. [potion of mutation]
 34663 | Vaults:2 | Lost mutation: You can translocate small distances at will. [potion of mutation]
 34663 | Vaults:2 | Lost mutation: You are clumsy. (Dex -2) [potion of mutation]
 34663 | Vaults:2 | Gained mutation: You have a pair of large horns on your head. [potion of mutation]
 34663 | Vaults:2 | Gained mutation: Your flesh is heat resistant. (rF+) [potion of mutation]
 34725 | Vaults:2 | Reached skill level 17 in Shields
 34745 | Vaults:2 | Lost mutation: You have a pair of large horns on your head. [potion of mutation]
 34745 | Vaults:2 | Lost mutation: Your flesh is heat resistant. (rF+) [potion of mutation]
 34745 | Vaults:2 | Gained mutation: Your mind is acute. (Int +2) [potion of mutation]
 34745 | Vaults:2 | Gained mutation: Armour fits poorly on your strangely shaped body. [potion of mutation]
 34745 | Vaults:2 | Gained mutation: Your body sometimes deteriorates upon taking damage. [potion of mutation]
 34745 | Vaults:2 | Gained mutation: You possess an exceptional clarity of mind. [potion of mutation]
 34747 | Vaults:2 | Lost mutation: Your body sometimes deteriorates upon taking damage. [potion of mutation]
 34747 | Vaults:2 | Lost mutation: You possess an exceptional clarity of mind. [potion of mutation]
 34747 | Vaults:2 | Lost mutation: Your mind is acute. (Int +2) [potion of mutation]
 34747 | Vaults:2 | Gained mutation: You are agile. (Dex +2) [potion of mutation]
 34747 | Vaults:2 | Gained mutation: You have large cloven feet. [potion of mutation]
 35278 | Vaults:2 | Reached XP level 19. HP: 172/181 MP: 26/28
 35301 | Vaults:2 | Lost mutation: You have large cloven feet. [potion of mutation]
 35301 | Vaults:2 | Lost mutation: Armour fits poorly on your strangely shaped body. [potion of mutation]
 35301 | Vaults:2 | Lost mutation: You are agile. (Dex +2) [potion of mutation]
 35301 | Vaults:2 | Gained mutation: You have a pair of large horns on your head. [potion of mutation]
 35301 | Vaults:2 | Gained mutation: Your body sometimes deteriorates upon taking damage. [potion of mutation]
 35301 | Vaults:2 | Gained mutation: You are agile. (Dex +2) [potion of mutation]
 35301 | Vaults:2 | Gained mutation: You have an increased reservoir of magic. (+10% MP) [potion of mutation]
 35318 | Vaults:2 | Paralysed by an ogre mage for 6 turns
 36115 | Vaults:2 | Reached skill level 19 in Fighting
 36323 | Vaults:3 | Reached skill level 16 in Dodging
 36635 | Vaults:3 | Reached skill level 14 in Invocations
 36638 | Vaults:3 | Noticed a Tzitzimitl
 36640 | Vaults:3 | Reached skill level 18 in Shields
 36667 | Vaults:3 | Reached skill level 18 in Armour
 36667 | Vaults:3 | HP: 3/183 [vault guard/war axe[a vault warden] (23)]
 36674 | Vaults:3 | HP: 12/183 [vault guard/war axe[a vault warden] (12)]
 36679 | Vaults:3 | HP: 15/183 [vault warden/enchanted glaive (17)]
 36685 | Vaults:3 | HP: 6/183 [vault warden/enchanted glaive (17)]
 36705 | Vaults:3 | HP: 9/183 [something/blast of metal fragments[an ironheart preserver] (8)]
 36710 | Vaults:3 | HP: 12/274 [vault warden/enchanted glaive (20)]
 36712 | Vaults:3 | Demolished by a vault warden

Vanquished Creatures
  Rupert (D:13)
  The ghost of Monsterracer the Fighter, an adept OgIE of Ashenzari (Swamp:2)
  Asterion (Spider:1)
  Gastronok (D:9)
  Kirke (Swamp:4)
  3 thorn hunters
  A fire giant (Vaults:3)
  A frost giant (Vaults:2)
  4 ghost moths
  An orc warlord (Orc:2)
  3 vault wardens
  Louise (Spider:3)
  7 ironheart preservers
  Aizul (Spider:4)
  8 emperor scorpions
  2 stone giants (Vaults:3)
  A deep elf demonologist (Vaults:3)
  The ghost of profreshinal the Convoker, a journeyman DgSu (Spider:3)
  2 spark wasps (Spider:4)
  2 deep elf annihilators
  3 ettins
  2 crystal guardians
  A rakshasa (D:13)
  2 yaktaur captains
  2 great orbs of eyes (Vaults:2)
  4 ice dragons
  10 vault guards
  23 hydras
  2 ghost crabs (Swamp:2)
  2 death knights
  24 two-headed ogres
  The ghost of Thaneod the Cleaver, a novice MiFi (D:9)
  5 centaur warriors
  7 death yaks
  6 ogre magi
  9 alligators
  3 deep troll shamans (Vaults:3)
  An orc high priest (Orc:2)
  A deep troll earth mage (Vaults:3)
  5 deep elf knights
  A fire crab (shapeshifter) (D:14)
  A fire crab (Lair:6)
  7 deep trolls (Vaults:3)
  4 skeletal warriors
  The ghost of lorenzova the Thaumaturge, a novice DECj of Sif Muna (Bailey)
  A glowing orange brain (Vaults:1)
  A shadow wraith (Vaults:1)
  5 spriggan druids
  A sea snake (shapeshifter) (Vaults:2)
  An unseen horror (Vaults:1)
  2 flayed ghosts
  4 wizards
  9 swamp dragons
  Pikel (D:5)
  4 shambling mangroves
  An orange crystal statue (D:15)
  A phantasmal warrior (Vaults:1)
  6 deep elf archers
  11 orc knights
  11 ironbrand convokers
  3 lindwurms (Swamp:4)
  10 deep elf magi
  A wolf spider zombie (D:15)
  20 orb spiders
  9 harpies
  3 orc sorcerers
  33 wolf spiders
  5 cyclopes
  A manticore (D:15)
  32 ugly things
  2 moths of wrath (Spider:4)
  A moth of wrath (shapeshifter) (Vaults:1)
  8 black mambas
  9 elephants
  11 vault sentinels
  Joseph (D:9)
  3 gargoyles
  5 torpor snails
  26 spiny frogs
  A rime drake (shapeshifter) (Vaults:3)
  A komodo dragon (shapeshifter) (D:11)
  3 rime drakes
  16 yaktaurs
  7 demonic crawlers
  6 freezing wraiths
  A tengu conjurer (D:15)
  7 komodo dragons
  30 jumping spiders
  3 trolls
  6 polar bears
  A tengu simulacrum (Vaults:2)
  38 hornets
  Prince Ribbit (D:5)
  11 tyrant leeches
  Grinder (D:4)
  A queen bee (shapeshifter) (Vaults:3)
  2 dream sheep (Lair:6)
  14 slime creatures
  22 blink frogs
  13 hippogriffs
  7 bog bodies
  Sigmund (D:2)
  66 redbacks
  A hippogriff (shapeshifter) (Vaults:1)
  A spriggan (shapeshifter) (Vaults:2)
  3 wraiths
  21 spriggans
  21 tarantellas
  A shadow (Swamp:3)
  A vampire (D:15)
  5 wyverns
  A basilisk (Lair:6)
  5 hogs (Swamp:4)
  16 yaks
  9 hungry ghosts
  15 vampire mosquitoes
  Menkaure (D:6)
  A swamp worm (shapeshifter) (Vaults:3)
  8 wargs
  14 insubstantial wisps
  17 swamp worms
  Edmund (D:4)
  2 hell hounds (D:9)
  22 water moccasins
  2 acid dragons
  7 porcupines
  4 phantoms
  2 sky beasts
  7 ice beasts
  2 slaves (D:5)
  8 black bears
  15 boggarts
  2 eyes of draining
  12 swamp drakes
  56 orc warriors
  3 necrophages
  18 wolves (Lair:6)
  17 ogres
  13 centaurs
  16 crocodiles
  Blork the orc (D:5)
  27 bullfrogs
  2 big kobolds
  4 earth elementals (Spider:4)
  7 scorpions
  21 wights
  7 howler monkeys
  3 electric eels
  11 crimson imps
  2 bullfrog zombies
  2 centaur zombies
  5 hounds
  25 orc priests
  2 bullfrog skeletons
  8 jellies
  Crazy Yiuf (D:2)
  4 centaur skeletons
  8 worker ants
  An iguana (D:11)
  44 orc wizards
  3 hound skeletons
  2 hound zombies
  A worker ant zombie (D:5)
  23 gnolls
  16 adders
  4 shadow imps
  3 oozes
  An adder zombie (D:6)
  An adder skeleton (D:9)
  5 worms
  2 dart slugs
  4 leopard geckos
  154 orcs
  8 bats
  5 giant cockroaches
  7 goblins
  9 hobgoblins (Bailey)
  18 jackals
  24 kobolds
  5 quokkas
  3 ball pythons
  3 frilled lizards
  3 leopard gecko skeletons
  A quokka zombie (D:8)
  4 rats
  2 briar patches (Swamp:4)
1517 creatures vanquished.

Vanquished Creatures (collateral kills)
  A hornet (Lair:6)
1 creature vanquished.

Vanquished Creatures (others)
  An orb spider (Spider:4)
  A hornet (Spider:2)
  A blink frog (Lair:5)
  A redback (Spider:1)
  A slave (D:6)
  A centaur (D:6)
  A bullfrog (D:6)
  A jelly (D:6)
  A gnoll (Bailey)
  A leopard gecko (D:6)
  2 orcs (Orc:1)
  A kobold (Bailey)
  11 fungi
  9 plants
33 creatures vanquished.

Grand Total: 1551 creatures vanquished
